 Dungeon Crawl Stone Soup version 0.30-a0-359-gd0147acb1a (webtiles) character file.

Game seed: 10621584815221994403

8683 Decritt the Fighter (level 11, 0/78 (86) HPs)
             Began as a Djinni Air Elementalist on Nov 12, 2022.
             Slain by an eight-headed hydra (4 damage)
             ... on level 8 of the Dungeon.
             The game lasted 00:42:30 (14869 turns).

Decritt the Fighter (Djinni Air Elementalist)      Turns: 14869, Time: 00:42:30

HP:   0/78 (86)     AC: 11    Str:  7    XL:     11   Next: 60%
Gold: 466           EV: 11    Int: 21    God:
                    SH:  6    Dex: 20

rFire   + + +      SeeInvis .    z - +8 flail of a Thousand Nightcaps {antimagic, rF+ rC+}
rCold   . . .      Faith    .    A - +0 buckler
rNeg    . . .      Spirit   .    E - +3 leather armour {Will+}
rPois   ∞          Reflect  .    c - +2 helmet "Gysuwnur" {rElec Will+}
rElec   +          Harm     .    (no cloak)
rCorr   +          Rampage  .    F - +0 pair of gloves
Will    +++..                    (boots unavailable)
Stlth   ++........               (no amulet)
HPRegen 0.33/turn                h - +6 ring of dexterity
MPRegen 0.00/turn                L - ring of resist corrosion

@: swift, flying, very slightly contaminated, drained, quick
A: sickness immunity, fire resistance 2, cold vulnerability 1, float, innate
caster, HP casting, extra vitality 1
a: no special abilities


You were on level 8 of the Dungeon.
You visited 2 branches of the dungeon, and saw 11 of its levels.

You collected 1078 gold pieces.
You spent 612 gold pieces at shops.

Inventory:

Hand Weapons
 p - a +3 sling of freezing
 z - the +8 flail of a Thousand Nightcaps (weapon) {antimagic, rF+ rC+}
   (You found it on level 3 of the Dungeon)

   It reduces the magical energy of the wielder, and disrupts the spells and
   magical abilities of those it strikes.
   Natural abilities and divine invocations are not affected.
   rF:        It protects you from fire.
   rC:        It protects you from cold.
Armour
 a - a +2 helmet of see invisible
 c - the +2 helmet "Gysuwnur" (worn) {rElec Will+}
   (You found it on level 4 of the Dungeon)

   rElec:     It insulates you from electricity.
   Will:      It increases your willpower.
 o - a +1 robe of fire resistance
 A - a +0 buckler (worn)
 E - a +3 leather armour of willpower (worn)
 F - a +0 pair of gloves (worn)
Jewellery
 d - a ring of positive energy
 h - a +6 ring of dexterity (left hand)
 L - a ring of resist corrosion (right hand)
Wands
 C - a wand of digging (13)
 K - a wand of paralysis (9)
Scrolls
 b - 3 scrolls of poison
 e - 2 scrolls of immolation {unknown}
 g - 2 scrolls of summoning
 k - a scroll of torment {unknown}
 w - a scroll of fear
 y - 5 scrolls of teleportation
 D - a scroll of brand weapon {unknown}
 G - a scroll of magic mapping {unknown}
 J - a scroll of fog {unknown}
Potions
 f - a potion of berserk rage {unknown}
 i - a potion of brilliance {unknown}
 l - 2 potions of invisibility
 m - 2 potions of lignification
 n - a potion of heal wounds
 q - 2 potions of ambrosia
 t - a potion of degeneration {unknown}
 u - 5 potions of haste
 x - 3 potions of mutation
 H - a potion of attraction {unknown}
 I - a potion of resistance


   Skills:
 * Level 10.8 Fighting
 + Level 6.2 Armour
 - Level 2.1 Dodging
 - Level 1.5 Stealth
 + Level 5.0 Shields
 * Level 8.7 Spellcasting


You had 3 spell levels left.
You knew the following spells:

 Your Spells              Type           Power      Damage    Failure   Level
a - Shock                 Conj/Air       100%       1d9       1%          1
b - Airstrike             Air            23%        2d(4-20)  3%          4
c - Hailstorm             Conj/Ice       46%        3d11      1%          3
d - Ozocubu's Armour      Ice            46%        N/A       1%          3
e - Swiftness             Air            46%        N/A       1%          3
f - Summon Small Mammal   Summ           100%       N/A       1%          1
g - Static Discharge      Conj/Air       92%        2-6/arc   1%          2
h - Wereblood             Tmut           46%        N/A       1%          2
i - Agony                 Necr           46%        N/A       11%         5
Your spell library was empty.

Dungeon Overview and Level Annotations

Branches:
Dungeon (10/15)            Temple (1/1) D:7             Orc (0/2) D:9
   Lair: D:8-11

Altars:
Ashenzari
Cheibriados
Dithmenos
Elyvilon
Fedhas
Gozag
Hepliaklqana
Nemelex Xobeh
Okawaru
Qazlal
Ru
Trog
Uskayaw
Xom
Yredelemnul
Zin
The Shining One

Shops:
D:2 !   D:3 [   D:7 *

Annotations:
D:9 Nergalle


Innate Abilities, Weirdness & Mutations

You are immune to sickness and miasma.
You are immune to poison.
Your flesh is very heat resistant. (rF++)
You are vulnerable to cold. (rC-)
You float through the air rather than walking.
You learn spells naturally, not from books.
Your magical power is your life essence.
You have superior vitality. (+4 MHP)


Message History

Aim: an eight-headed hydra (moderately wounded, empty space bonus: 5/8)
The air twists around and strikes the eight-headed hydra!
The eight-headed hydra is heavily wounded.
The eight-headed hydra bites you. The eight-headed hydra bites you!
The eight-headed hydra closely misses you.
You block the eight-headed hydra's attack.
The eight-headed hydra closely misses you.
You block the eight-headed hydra's attack.
The eight-headed hydra bites you.
The eight-headed hydra bites you but does no damage.
Casting: Airstrike (dangerous; 3% risk of failure)
Confirm with . or Enter, or press ? or * to list all spells.
Aiming: Airstrike (dangerous; 3% risk of failure)
Press: ? - help, Dir - move target, f/p - eight-headed hydra
Aim: an eight-headed hydra (heavily wounded, empty space bonus: 5/8)
You miscast Airstrike.
You are very lightly contaminated with residual magic.
You feel a sudden electric shock. You resist.
The eight-headed hydra bites you but does no damage.
You block the eight-headed hydra's attack. x2
The eight-headed hydra bites you.
The eight-headed hydra closely misses you.
The eight-headed hydra bites you.
* * * LOW HITPOINT WARNING * * *
The eight-headed hydra closely misses you.
The eight-headed hydra bites you!
* * * LOW HITPOINT WARNING * * *
Casting: Airstrike (dangerous; 3% risk of failure)
Confirm with . or Enter, or press ? or * to list all spells.
You feel quick.
* * * LOW HITPOINT WARNING * * *
The eight-headed hydra bites you.
* * * LOW HITPOINT WARNING * * *
The eight-headed hydra bites you!
* * * LOW HITPOINT WARNING * * *
The eight-headed hydra bites you!
* * * LOW HITPOINT WARNING * * *
You block the eight-headed hydra's attack.
The eight-headed hydra bites you.
You die...

........# #..##.......+...######.
........# ##.##.##.####...## #.
......#.# #.##.##.........# #.
#######.# ##.##.#.....#....# #.
#.....#.###..##.#.[...#....######
..............#.#.....####.......
....#.#.###...#.#.....# ########
....'.[.# #.#.#.#D....# #
....#.#####.#...@.....# #
....#.#.........#.....# #
....#.#.....#####.....# #
....#.###############.###
....#...........# #...#####
....'....######.# ###....D####
....####.# #.# #........## ....#
#.# #.# #....###..# ....####.####
#.# ###### ##..


You could see an eight-headed hydra.

Vanquished Creatures
  Harold (D:9)
  A deep elf zephyrmancer (D:6)
  A manticore (D:9)
  2 cyclopes (D:9)
  2 ugly things (D:9)
  2 wyverns (D:8)
  A basilisk (shapeshifter) (D:9)
  12 yaks
  A steam dragon (D:8)
  Grum (D:8)
  A vampire mosquito (D:9)
  6 water moccasins
  2 orc warriors
  2 ice beasts
  A black bear (D:5)
  A sky beast (D:7)
  2 ogres
  2 boggarts (D:9)
  2 wolves (D:8)
  3 centaurs
  3 kobold brigands
  3 bullfrogs
  4 killer bees
  2 howler monkeys
  A hound (D:5)
  A gnoll bouda (D:7)
  3 orc priests (D:8)
  Jessica (D:2)
  3 iguanas
  3 orc wizards (D:7)
  Terence (D:3)
  9 adders
  11 gnolls
  4 white imps
  An ufetubus (D:6)
  A worm (D:5)
  3 dart slugs
  16 orcs
  8 ball pythons
  2 endoplasms
  6 goblins
  8 hobgoblins
  7 jackals
  7 quokkas
  3 bats
  2 frilled lizards
  21 kobolds
  4 rats
184 creatures vanquished.

Vanquished Creatures (others)
  9 plants
9 creatures vanquished.

Grand Total: 193 creatures vanquished

Notes
Turn   | Place    | Note
-------+----------+-------------------------------------------
     0 | D:1      | Decritt the Djinni Air Elementalist began the quest for the
                  | Orb.
     0 | D:1      | Decritt set off with the following spells memorised: Shock,
                  | Static Discharge, Swiftness, Airstrike.
     0 | D:1      | Reached XP level 1. HP: 15/15 MP: 0/0
   329 | D:1      | Reached skill level 1 in Fighting
   329 | D:1      | Reached XP level 2. HP: 19/22 MP: 0/0
   982 | D:1      | You are sucked into a shaft and drop 1 floor!
  1116 | D:2      | Noticed Jessica
  1122 | D:2      | Killed Jessica
  1123 | D:2      | Reached skill level 2 in Fighting
  1123 | D:2      | Reached XP level 3. HP: 3/28 MP: 0/0
  1123 | D:2      | Learned a level 1 spell: Summon Small Mammal
  1526 | D:2      | Found a stormy altar of Qazlal.
  1532 | D:2      | Reached XP level 4. HP: 33/33 MP: 0/0
  1796 | D:2      | Found a faded altar of an unknown god.
  2115 | D:2      | Found Vatoc's Distillery.
  2125 | D:2      | Bought a potion of curing for 39 gold pieces
  2125 | D:2      | Bought a potion of heal wounds for 65 gold pieces
  2361 | D:3      | Found Foun's Antique Armour Shop.
  2485 | D:3      | Identified the +8 flail of a Thousand Nightcaps {antimagic,
                  | rF+ rC+}
  2504 | D:3      | Noticed Terence
  2516 | D:3      | Killed Terence
  2517 | D:3      | Reached XP level 5. HP: 23/40 MP: 0/0
  2517 | D:3      | Learned a level 2 spell: Wereblood
  2812 | D:3      | Reached skill level 3 in Fighting
  3193 | D:4      | Noticed a water moccasin
  3203 | D:4      | Killed a water moccasin
  3204 | D:4      | Reached skill level 4 in Fighting
  3204 | D:4      | Reached XP level 6. HP: 29/47 MP: 0/0
  3275 | D:4      | Identified 2 scrolls of acquirement
  3278 | D:4      | Acquired 585 gold pieces
  3282 | D:4      | Acquired a +0 helmet of see invisible
  3553 | D:4      | Identified the +2 helmet "Gysuwnur" {rElec Will+}
  4058 | D:4      | Reached XP level 7. HP: 53/53 MP: 0/0
  4058 | D:4      | Learned a level 3 spell: Hailstorm
  4217 | D:5      | Entered Level 5 of the Dungeon
  4562 | D:5      | Identified the +9 morningstar "Goasas" {venom, rPois}
  4604 | D:5      | Reached skill level 5 in Fighting
  4630 | D:5      | Noticed a water moccasin
  4648 | D:4      | Killed a water moccasin
  5108 | D:4      | Reached skill level 5 in Spellcasting
  5184 | D:2      | Bought 2 potions of curing for 78 gold pieces
  5184 | D:2      | Bought a potion of invisibility for 104 gold pieces
  5184 | D:2      | Bought a potion of resistance for 130 gold pieces
  5241 | D:3      | Bought a glowing leather armour for 80 gold pieces
  5241 | D:3      | Bought a pair of gloves for 72 gold pieces
  5272 | D:5      | Reached XP level 8. HP: 52/61 MP: 0/0
  5740 | D:6      | Found a sacrificial altar of Ru.
  5741 | D:6      | Found a hide-covered altar of Uskayaw.
  5766 | D:6      | Reached skill level 1 in Armour
  5784 | D:6      | Reached skill level 6 in Fighting
  6216 | D:6      | Noticed a deep elf zephyrmancer
  6940 | D:6      | Killed a deep elf zephyrmancer
  6941 | D:6      | Reached skill level 7 in Fighting
  6941 | D:6      | Reached XP level 9. HP: 51/68 MP: 0/0
  6941 | D:6      | Learned a level 3 spell: Ozocubu's Armour
  7882 | D:7      | Found a staircase to the Ecumenical Temple.
  7900 | Temple   | Entered the Ecumenical Temple
  8220 | D:7      | Reached skill level 8 in Fighting
  8227 | Temple   | Reached skill level 1 in Shields
  9071 | D:7      | Found Wuampimm's Assorted Antiques.
  9079 | D:7      | Bought a scroll of identify for 44 gold pieces
  9291 | D:8      | Reached XP level 10. HP: 65/77 MP: 0/0
  9741 | D:8      | Reached skill level 9 in Fighting
  9778 | D:8      | Noticed Grum
 10679 | D:9      | Found a white marble altar of Elyvilon.
 10775 | D:9      | Reached skill level 5 in Armour
 11467 | D:9      | Noticed Harold
 11506 | D:9      | Killed Harold
 11507 | D:9      | Reached skill level 10 in Fighting
 11507 | D:9      | Reached XP level 11. HP: 27/85 MP: 0/0
 11507 | D:9      | Learned a level 5 spell: Agony
 11813 | D:9      | Noticed a cyan ugly thing
 11819 | D:9      | Killed a cyan ugly thing
 12068 | D:9      | Noticed a manticore
 12068 | D:9      | Noticed a cyclops
 12437 | D:9      | Found a staircase to the Orcish Mines.
 12517 | D:9      | Killed a manticore
 12522 | D:9      | Noticed an eight-headed hydra
 12526 | D:9      | Killed a cyclops
 13325 | D:9      | Noticed a purple ugly thing
 13333 | D:9      | Killed a purple ugly thing
 13393 | D:9      | Noticed a cyclops
 13396 | D:9      | Killed a cyclops
 13659 | D:10     | Entered Level 10 of the Dungeon
 14180 | D:10     | Noticed Nergalle
 14187 | D:10     | Noticed a two-headed ogre
 14663 | D:8      | Killed Grum
 14664 | D:8      | Reached skill level 5 in Shields
 14869 | D:8      | Slain by an eight-headed hydra

Illustrated notes

Levels and vault maps discovered:
D:1:      lightli_arrival_windingriver, layout_loops_ring
D:2:      layout_basic, serial_shops,
          nicolae_shop_temple_entry_statues_fountains, basic_ecumenical_altar,
          basic_altar, minmay_tetromino_i4, uniq_jessica
D:3:      layout_loops_ring, serial_shops, nicolae_shop_behind_doors,
          uniq_terence
D:4:      layout_basic, minmay_misc_feat_cross
D:5:      nicolae_BIG_FREAKIN_CUBE, layout_basic
D:6:      layout_loops_ring, nicolae_overflow_hidden_temple,
          guppyfry_early_elven_hall
D:7:      layout_rooms, minmay_temple_entry_grid, serial_shops,
          nicolae_shop_competitors_out_of_business, grunt_decor_cap
D:8:      layout_basic, hex_tiny, kennysheep_generic_room_4, uniq_grum
D:9:      layout_loops_cross, mainiacjoe_overflow_alcove_1, orc_0_dummy,
          minmay_evil_grid, uniq_harold
D:10:     nzn_winding_woodlands_small [nzn_winding_woodlands_5x15_sawtooth,
          nzn_winding_woodlands_center_lodge,
          nzn_winding_woodlands_5x15_lazy_stream], layout_loops_ring,
          nicolae_overflow_crystal_walls, serial_bayou, serial_bayou_pond_a,
          serial_bayou_lagoon_b, serial_bayou_pond_b, serial_bayou_shore_b,
          serial_bayou_shore_b, serial_bayou_shore_b, uniq_nergalle
Temple:   nicolae_temple_bog_church

Skill      XL: |  1  2  3  4  5  6  7  8  9 10 11 |
---------------+----------------------------------+-----
Fighting       | 1 2 4 5 7 8 10 | 10.8
Spellcasting   | 3 4 5 6 7 8 |  8.7
Armour         | 3 4 5 6 |  6.2
Shields        | 1 4 5 |  5.0
Dodging        | |  2.1
Stealth        | |  1.5

Action                   |  1- 3 |  4- 6 |  7- 9 | 10-12 || total
-------------------------+-------+-------+-------+-------++-------
Melee: Flail             |       |    53 |    91 |   109 ||   253
       Punch             |       |       |     2 |     1 ||     3
 Fire: Sling             |     4 |    48 |       |       ||    52
 Cast: Shock             |    45 |    34 |    85 |     3 ||   167
       Wereblood         |       |     7 |     9 |     2 ||    18
       Summon Small Mamm |       |     1 |       |       ||     1
       Swiftness         |       |     1 |     1 |    10 ||    12
       Airstrike         |       |       |    61 |   125 ||   186
       Hailstorm         |       |       |     2 |       ||     2
       Ozocubu's Armour  |       |       |     4 |     6 ||    10
       Agony             |       |       |       |     3 ||     3
  Use: Scroll            |       |    10 |     4 |     4 ||    18
       Potion            |       |       |       |    14 ||    14
Armor: Robe              |     4 |    23 |    55 |    61 ||   143
       Leather armour    |       |       |       |     3 ||     3
Dodge: Dodged            |    12 |    52 |    98 |   118 ||   280
Block: Buckler           |       |       |       |    55 ||    55

Table legend: (Time is in decaauts)
 A = Elapsed time spent in this place.
 B = Non-inter-level travel time spent in this place.
 C = Inter-level travel time spent in this place.
 D = Time resting spent in this place.
 E = Time spent auto-exploring this place.
 F = Levels seen in this place.
 G = Mean time per level.
                   A        B        C        D        E       F      G
               +--------+--------+--------+--------+--------+-----+--------+
         Total |  14974 |  14421 |    553 |   5947 |   6458 |  11 | 1361.3 |
       Dungeon |  14315 |  13769 |    546 |   5443 |   6342 |  10 | 1431.5 |
        Temple |    658 |    651 |      7 |    504 |    116 |   1 |  658.0 |
               +--------+--------+--------+--------+--------+-----+--------+

Top non-repeatable levels by time:
     D:8: 2590 daAuts
     D:9: 2567 daAuts
     D:5: 1573 daAuts
     D:3: 1404 daAuts
     D:2: 1227 daAuts
     D:1: 1219 daAuts
     D:7: 1214 daAuts
     D:6: 1179 daAuts
     D:4: 1039 daAuts
  Temple: 658 daAuts
    D:10: 299 daAuts
